 Dungeon Crawl Stone Soup version 0.22.1-1-ga44c0e56f4 (webtiles) character file.

658 OdinFK the Cudgeler (level 7, -4/55 HPs)
             Began as a Demonspawn Abyssal Knight on Oct 29, 2018.
             Was a Believer of Lugonu.
             Slain by Grinder (6 damage)
             ... while paralysed by Grinder
             ... on level 4 of the Dungeon on Oct 30, 2018.
             The game lasted 00:14:21 (4502 turns).

OdinFK the Cudgeler (Demonspawn Abyssal Knight)     Turns: 4502, Time: 00:14:21

Health: -4/55      AC: 10    Str: 19    XL:     7   Next: 29%
Magic:  8/8        EV:  2    Int: 18    God:    Lugonu [**....]
Gold:   206        SH:  0    Dex: 13    Spells: 6/6 levels left

rFire    + . .     SeeInvis .   a - +1 mace
rCold    . . .     Gourm    .   n - +2 buckler
rNeg     . . .     Faith    .   f - +0 scale mail
rPois    .         Spirit   .   (no helmet)
rElec    .         Reflect  .   t - +0 cloak
rCorr    .         Harm     .   (no gloves)
MR       .....                  (no boots)
Stlth    ..........             (no amulet)
HPRegen  0.18/turn              (no ring)
MPRegen  0.11/turn              (no ring)

@: paralysed, mighty, brilliant
A: claws 2, icy blue scales 1, fire resistance 1
a: Depart the Abyss, Bend Space, Renounce Religion


You were on level 4 of the Dungeon.
You worshipped Lugonu.
Lugonu was pleased with you.
You were very hungry.

You visited 1 branch of the dungeon, and saw 4 of its levels.
You visited the Abyss 1 time.

You collected 206 gold pieces.

Inventory:

Hand Weapons
 a - a +1 mace (weapon)
Armour
 f - a +0 scale mail (worn)
 n - a +2 buckler (worn)
 t - a +0 cloak (worn)
Wands
 q - a wand of digging (3)
Scrolls
 d - 2 scrolls of identify
 e - a scroll of enchant armour {unknown}
 h - 2 scrolls of remove curse
 i - a scroll of random uselessness {unknown}
 j - a scroll of blinking {unknown}
 o - a scroll of immolation
 u - a scroll of fog {unknown}
 v - a scroll of magic mapping {unknown}
 w - a scroll of teleportation {unknown}
Potions
 g - 3 potions of curing
 k - a potion of magic
 l - a potion of invisibility {unknown}
 m - a potion of haste {unknown}
 p - a potion of brilliance
 r - a potion of resistance
Comestibles
 c - 6 rations


   Skills:
 + Level 4.4 Fighting
 + Level 5.0 Maces & Flails
 + Level 4.0 Armour
 - Level 0.8 Dodging
 + Level 2.3 Shields
 - Level 2.4 Invocations


You had 6 spell levels left.
You didn't know any spells.
Your spell library was empty.

Dungeon Overview and Level Annotations

Branches:
Dungeon (4/15)
 Temple: D:4-7

Altars:
Elyvilon
Trog
Zin

Shops:
D:4 (

Annotations:
D:4 Grinder


Innate Abilities, Weirdness & Mutations

You have very sharp fingernails.
You are partially covered in icy blue scales. (AC +2)
Your flesh is heat resistant. (rF+)


Message History

* * * LOW HITPOINT WARNING * * *
You writhe in agony.
* * * LOW HITPOINT WARNING * * *
Grinder hits you!
* * * LOW HITPOINT WARNING * * *
You writhe in agony.
* * * LOW HITPOINT WARNING * * *
You feel better. Grinder hits you but does no damage.
It was a potion of brilliance.
You feel clever all of a sudden. Grinder closely misses you.
It was a potion of might.
You feel very mighty all of a sudden. Grinder gestures at you.
You suddenly lose the ability to move!
Grinder says, "There's only one good use for a tongue: cutting it out."
Grinder hits you!
* * * LOW HITPOINT WARNING * * *
You writhe in agony.
You die...

#...........##.# #.
####...........##.# ##.#####
#.))#..♣._.♣♣.#...# #...†...
#.)[###♣♣♣♣.###...# #..####.
#.....## ####....# # ..... #.
#......# #.#....# .##.##.# #.
.......# #......##.......#####.
.......# ##..##................
....#### #...5@..###..#........
....# #)......# #..#?.......
##.## #.......###..#........ ##.#
#######...........#..###.#. ...#
##.....#............#.###.#. ...#
#......##...<............... ...#
#......##......#..........#.
...###......##....#.#.......#..#.
.....'............#.#............


You could see Grinder.

Vanquished Creatures
  Sigmund (D:3)
  A necrophage (D:4)
  A phantom (D:4)
  A bullfrog skeleton (D:4)
  Natasha (thrice) (D:3)
  Terence (D:3)
  2 worker ants
  5 adders
  An ooze (D:3)
  A worm (D:3)
  2 dart slugs
  2 leopard geckos
  8 orcs
  2 bats (D:1)
  4 giant cockroaches
  9 goblins
  11 hobgoblins
  10 jackals
  A frilled lizard (D:2)
  A jackal skeleton (D:4)
  7 kobolds
  7 rats
81 creatures vanquished.

Notes
Turn   | Place    | Note
-------+----------+-------------------------------------------
     0 | Abyss:1  | OdinFK the Demonspawn Abyssal Knight began the quest for
                  | the Orb.
     0 | Abyss:1  | Reached XP level 1. HP: 18/18 MP: 2/2
     0 | Abyss:1  | Found a corrupted altar of Lugonu.
    41 | Abyss:1  | Found a corrupted altar of Lugonu.
    54 | D:1      | Escaped the Abyss
   137 | D:1      | Reached skill level 2 in Maces & Flails
   137 | D:1      | Gained mutation: You are partially covered in icy blue
                  | scales. (AC +2) [demonic ancestry]
   137 | D:1      | Reached XP level 2. HP: 7/24 MP: 3/3
   694 | D:1      | Reached ** piety under Lugonu
   803 | D:1      | Gained mutation: You have sharp fingernails. [demonic
                  | ancestry]
   803 | D:1      | Reached XP level 3. HP: 18/29 MP: 4/4
  1419 | D:2      | Found a white marble altar of Elyvilon.
  1641 | D:2      | Gained mutation: You have very sharp fingernails. [demonic
                  | ancestry]
  1641 | D:2      | Reached XP level 4. HP: 35/37 MP: 5/5
  2136 | D:3      | Noticed Natasha
  2143 | D:3      | Killed Natasha
  2143 | D:3      | Reached skill level 3 in Maces & Flails
  2149 | D:3      | Found a bloodstained altar of Trog.
  2391 | D:3      | Reached skill level 1 in Shields
  2484 | D:3      | Noticed Sigmund
  2499 | D:4      | Noticed Grinder
  2522 | D:3      | Killed Sigmund
  2522 | D:3      | Reached skill level 4 in Maces & Flails
  2522 | D:3      | Reached XP level 5. HP: 9/42 MP: 6/6
  2522 | D:3      | Reached XP level 6. HP: 10/48 MP: 7/7
  2712 | D:3      | Noticed Terence
  2770 | D:3      | Killed Terence
  3058 | D:3      | Noticed Natasha
  3068 | D:3      | Killed Natasha
  3686 | D:4      | Gained mutation: Your flesh is heat resistant. (rF+)
                  | [demonic ancestry]
  3686 | D:4      | Reached XP level 7. HP: 27/52 MP: 8/8
  3692 | D:4      | Reached skill level 5 in Maces & Flails
  3736 | D:4      | Paralysed by Grinder for 7 turns
  3756 | D:4      | Paralysed by Grinder for 2 turns
  3760 | D:4      | Paralysed by Grinder for 5 turns
  3933 | D:3      | Noticed Natasha
  3944 | D:3      | Killed Natasha
  4053 | D:4      | Found a glowing silver altar of Zin.
  4140 | D:4      | Found Emuneogh's Weapon Boutique.
  4177 | D:4      | Paralysed by Grinder for 3 turns
  4183 | D:4      | Paralysed by Grinder for 3 turns
  4191 | D:4      | Paralysed by Grinder for 5 turns
  4198 | D:4      | Paralysed by Grinder for 5 turns
  4479 | D:4      | Paralysed by Grinder for 2 turns
  4488 | D:4      | Paralysed by Grinder for 6 turns
  4498 | D:4      | HP: 1/52 [Grinder (3)]
  4501 | D:4      | Paralysed by Grinder for 2 turns
  4502 | D:4      | Slain by Grinder

Skill      XL: |  1  2  3  4  5  6  7 |
---------------+----------------------+-----
Maces & Flails | 2 4 5 |  5.0
Armour         | 2 3 4 |  4.0
Shields        | 1 2 |  2.3
Fighting       | 4 |  4.4
Dodging        | |  0.8
Invocations    | |  2.4

Action                   |  1- 3 |  4- 6 |  7- 9 || total
-------------------------+-------+-------+-------++-------
Melee: Mace              |   141 |   203 |    60 ||   404
  Use: Scroll            |       |     3 |       ||     3
       Potion            |       |     2 |     3 ||     5
  Eat: Chunk             |     3 |     6 |     2 ||    11
Armor: Scale mail        |    76 |   104 |    32 ||   212
Dodge: Dodged            |    69 |    93 |    19 ||   181
Block: Buckler           |    18 |    56 |    16 ||    90
